 Dungeon Crawl Stone Soup version 0.27.0-1-g7a089689b8 (webtiles) character file.

Game seed: 5245743804663995377

81 sakkuzi the Chopper (level 4, -1/61 HPs)
             Began as a Minotaur Berserker on Aug 14, 2021.
             Was a Believer of Trog.
             Slain by a sky beast (5 damage)
             ... on level 3 of the Dungeon.
             The game lasted 00:02:50 (2042 turns).

sakkuzi the Chopper (Minotaur Berserker)            Turns: 2042, Time: 00:02:51

Health: -1/61      AC:  2    Str: 22    XL:     4   Next: 20%
Magic:  3/3        EV: 12    Int:  4    God:    Trog [**....]
Gold:   51         SH:  0    Dex: 10    Spells: 3/3 levels left

rFire    . . .     SeeInvis .   a - +0 hand axe {axe}
rCold    . . .     Faith    .   (no shield)
rNeg     . . .     Spirit   .   b - +0 animal skin
rPois    .         Reflect  .   (helmet restricted)
rElec    .         Harm     .   (no cloak)
rCorr    .         Rampage  .   (no gloves)
Will     .....                  (no boots)
Stlth    ..........             (no amulet)
HPRegen  0.20/turn              (no ring)
MPRegen  0.08/turn              (no ring)

@: berserking (expiring), very quick
A: horns 2, retaliatory headbutt
a: Renounce Religion, Berserk, Trog's Hand


You were on level 3 of the Dungeon.
You worshipped Trog.
Trog was pleased with you.
You visited 1 branch of the dungeon, and saw 3 of its levels.

You collected 51 gold pieces.


Innate Abilities, Weirdness & Mutations

You have a pair of horns on your head.
You reflexively headbutt those who attack you in melee.


   Skills:
 + Level 4.3 Fighting
 + Level 4.3 Axes
 + Level 3.4 Armour
 + Level 3.1 Dodging


You had 3 spell levels left.
You didn't know any spells.
Your spell library contained the following spells:

 Spells                   Type           Power      Damage    Failure   Level
 Freeze                   Ice            0%         1d3       50%         1
 Searing Ray              Conj           0%         3d3       65%         2
 Conjure Flame            Conj/Fire      0%         6-21      86%         3
 Ice Form                 Ice/Tmut       0%         N/A       99%         4
 Fire Storm               Conj/Fire      0%         5d1       100%        9

Inventory:

Hand Weapons
 a - a +0 hand axe (weapon) {axe}
 m - a +0 dagger {short}
   (You took it off a goblin on level 3 of the Dungeon)
Missiles
 c - 34 sling bullets
 d - 41 arrows
 f - 20 bolts
 i - 55 stones (quivered) {throwing}
Armour
 b - a +0 animal skin (worn)
Scrolls
 e - a scroll of identify {unknown}
 g - 2 scrolls of teleportation {unknown}
 h - a scroll of fear {unknown}
 k - a scroll of amnesia {unknown}
Potions
 j - a potion of lignification {unknown}
 l - a potion of berserk rage {unknown}

Dungeon Overview and Level Annotations

Branches:
Dungeon (3/15)

Altars:

##............##
##########...##
#....###
#....).#######
#...##........
.#####........#
........#######
##.##..†##########
#.....@..#......#
...#####.........#
## #.##......# #.#
......# #.#
......# ..#
......# .##
#.##### ## .# ##


There were no monsters in sight!


Message History

Things that are here:
a jackal corpse; a jackal corpse An endoplasm and a kobold come into view.
The kobold shouts!
You hear a shout!
A bat comes into view. 😎 HP[+4]
Your hp is fully restored (41).
The bat hits you. 😕 HP[-1]
You take 1 damage, and now have 40/41 hp.
You miss the bat. The bat barely misses you.
The bat hits you but does no damage.
You hit the bat.
You kill the bat!
Trog accepts your kill.
You hit the endoplasm.
The endoplasm hits you but does no damage.
The endoplasm hits you.
A hobgoblin comes into view. 😕 HP[-1]
You take 1 damage, and now have 39/41 hp.
You hit the endoplasm. The endoplasm freezes you.
You are frozen. 😕 HP[-4]
You take 4 damage, and now have 35/41 hp.
You hit the endoplasm. The endoplasm hits you. 😕 HP[-2]
You take 2 damage, and now have 33/41 hp.
You slash the endoplasm!
You kill the endoplasm!
Trog accepts your kill. 😕 HP[+1]
You slash the kobold!
You kill the kobold!
Trog accepts your kill.
The hobgoblin hits you but does no damage.
You see here a +0 whip {mace}.
You hit the hobgoblin but do no damage. You headbutt the hobgoblin.
You kill the hobgoblin!
Trog accepts your kill.
A goblin comes into view. It is wielding a +0 dagger. 😕 HP[+2]
You regained 2 hp, and now have 36/41 hp.
You see here a +0 whip {mace}.
A goblin is nearby! 😕 HP[+1]
You closely miss the goblin. You headbutt the goblin.
You kill the goblin!
Trog accepts your kill.
A sky beast comes into view.
The sky beast flickers out of sight!
Deactivating autopickup; reactivate with Ctrl-A.
Things that are here:
a +0 dagger {short}; a goblin corpse
There is a strange disturbance nearby! 😕 HP[+1]
Something hits you. Something shocks you. 😮 HP[-11]
You take 11 damage, and now have 27/41 hp.
MASSIVE DAMAGE!! (PAUSE)
A sky beast appears from thin air!
Reactivating autopickup.
A red film seems to cover your vision as you go berserk!
You feel yourself moving faster!
You feel mighty!
The sky beast flickers out of sight!
Deactivating autopickup; reactivate with Ctrl-A.
Something hits you. Something shocks you. 😮 HP[+7]
You now have 61 max hp (+20).
You regained 7 hp, and now have 34/61 hp.
You miss something. Something hits you but does no damage.
You miss something. Your headbutt misses something. Something hits you.
* * * LOW HITPOINT WARNING * * *
Something shocks you.
* * * LOW HITPOINT WARNING * * *
😨 HP[-10]
You take 10 damage, and now have 24/61 hp.
You miss something. Something hits you.
* * * LOW HITPOINT WARNING * * *
Something shocks you.
* * * LOW HITPOINT WARNING * * *
😱 HP[-10]
You take 10 damage, and now have 14/61 hp.
You closely miss something. You closely miss something. Something hits you.
* * * LOW HITPOINT WARNING * * *
Something shocks you.
* * * LOW HITPOINT WARNING * * *
😱 HP[-5]
You take 5 damage, and now have 9/61 hp.
Things that are here:
a +0 dagger {short}; a goblin corpse You are too berserk!
m - a +0 dagger {short} You feel a strong urge to attack something.
Something hits you.
* * * LOW HITPOINT WARNING * * *
Something shocks you.
You die...

Skill      XL: |  1  2  3 |
---------------+----------+-----
Axes           | 4 |  4.3
Fighting       | 4 |  4.3
Armour         | 3 |  3.4
Dodging        | 3 |  3.1

Action                   |  1- 3 |  4- 6 || total
-------------------------+-------+-------++-------
Melee: Hand axe          |    58 |    23 ||    81
       Headbutt          |    10 |     3 ||    13
Invok: Berserk           |       |     1 ||     1
Armor: Animal skin       |     6 |     5 ||    11
Dodge: Dodged            |    37 |     7 ||    44

Levels and vault maps discovered:
D:1:      eino_arrival_cavern_a, layout_loops_ring,
          amcnicky_mini_corridor_feature
D:2:      layout_basic, dreamdust_ecumenical_altar_statues, uniq_natasha
D:3:      layout_rooms, minmay_misc_feat_alley

Notes
Turn   | Place    | Note
-------+----------+-------------------------------------------
     0 | D:1      | sakkuzi the Minotaur Berserker began the quest for the Orb.
     0 | D:1      | Reached XP level 1. HP: 19/19 MP: 0/0
     0 | D:1      | magus.rc [v1.9.6]
   239 | D:1      | Reached XP level 2. HP: 15/27 MP: 1/1
   619 | D:1      | Reached skill level 4 in Axes
   765 | D:1      | Reached skill level 4 in Fighting
  1082 | D:2      | You add the spells Freeze, Searing Ray, Conjure Flame, Ice
                  | Form and Fire Storm to your library.
  1082 | D:2      | Got the Almanac of Confrontation and the Snowflakes
                  | {forbidden}
  1128 | D:2      | Reached skill level 3 in Armour
  1128 | D:2      | Reached XP level 3. HP: 22/33 MP: 2/2
  1315 | D:2      | Reached ** piety under Trog
  1600 | D:2      | Noticed Natasha
  1612 | D:2      | Killed Natasha
  1613 | D:2      | Reached skill level 3 in Dodging
  1683 | D:2      | Reached XP level 4. HP: 33/40 MP: 3/3
  1730 | D:2      | Found a faded altar of an unknown god.
  2027 | D:3      | Noticed a sky beast
  2037 | D:3      | HP: 14/61 [something (6)]
  2042 | D:3      | HP: 4/61 [something (5)]
  2042 | D:3      | Slain by a sky beast

Vanquished Creatures
  Natasha (D:2)
  An adder (D:2)
  5 ball pythons
  6 bats
  4 endoplasms
  3 giant cockroaches
  4 goblins
  7 hobgoblins
  4 jackals (D:3)
  A quokka (D:2)
  A frilled lizard (D:2)
  A kobold (D:3)
  4 rats
42 creatures vanquished.

Table legend:
 A = Non-vault XP
 B = Vault XP
 C = Vault XP percentage of total XP
 D = Non-vault monster count
 E = Vault monster count
 F = Vault count percentage of total count
                 A         B        C        D         E       F
            +---------+---------+-------+---------+---------+-------
      Total |      82 |      35 |  29.9 |      41 |       1 |   2.4
            +---------+---------+-------+---------+---------+-------
        D:1 |      32 |       0 |   0.0 |      18 |       0 |   0.0
        D:2 |      30 |      35 |  53.8 |      12 |       1 |   7.7
        D:3 |      20 |       0 |   0.0 |      11 |       0 |   0.0
            +---------+---------+-------+---------+---------+-------

Illustrated notes

Table legend:
 A = Kills in this place as a percentage of kills in entire the game.
 B = Kills by you in this place as a percentage of kills by you in the entire game.
 C = Kills by friends in this place as a percentage of kills by friends in the entire game.
 D = Other kills in this place as a percentage of other kills in the entire game.
 E = Experience gained in this place as a percentage of experience gained in the entire game.
 F = Experience gained in this place divided by the number of levels of this place that you have seen.
                   A       B       C       D       E      F
               +-------+-------+-------+-------+-------+----------------------
         Total | 100.0 | 100.0 |   N/A |   N/A | 100.0 |  39.0
       Dungeon | 100.0 | 100.0 |   N/A |   N/A | 100.0 |  39.0
               +-------+-------+-------+-------+-------+----------------------

Table legend: (Time is in decaauts)
 A = Elapsed time spent in this place.
 B = Non-inter-level travel time spent in this place.
 C = Inter-level travel time spent in this place.
 D = Time resting spent in this place.
 E = Time spent auto-exploring this place.
 F = Levels seen in this place.
 G = Mean time per level.
                   A        B        C        D        E       F      G
               +--------+--------+--------+--------+--------+-----+--------+
         Total |   2046 |   1993 |     53 |      0 |   1670 |   3 |  682.0 |
       Dungeon |   2046 |   1993 |     53 |      0 |   1670 |   3 |  682.0 |
               +--------+--------+--------+--------+--------+-----+--------+

Top non-repeatable levels by time:
     D:1: 1070 daAuts
     D:2: 844 daAuts
     D:3: 131 daAuts
